 Dungeon Crawl Stone Soup version 0.28.0-45-g0d030f2227 (webtiles) character file.

Game seed: 2835431616160803881

2803 MisterFreud the Transmogrifier (level 9, -16/85 HPs)
             Began as a Red Draconian Transmuter on May 3, 2022.
             Was an Initiate of Ru.
             Demolished by an orc knight
             ... wielding a +0 war axe
              (22 damage)
             ... in a bailey.
             The game lasted 00:10:58 (7138 turns).

MisterFreud the Transmogrifier (DrTm)               Turns: 7138, Time: 00:10:59

Health: -16/85     AC:  7    Str: 12    XL:     9   Next: 44%
Magic:  10/13      EV: 12    Int: 16    God:    Ru [......]
Gold:   283        SH:  0    Dex: 14    Spells: 4/14 levels left

rFire   x . .      SeeInvis .     - Unarmed
rCold   + + +      Faith    .   (shield currently unavailable)
rNeg    + . .      Spirit   .   (armour unavailable)
rPois   +          Reflect  .   (helmet currently unavailable)
rElec   .          Harm     .   (cloak currently unavailable)
rCorr   .          Rampage  .   (gloves currently unavailable)
Will    .....                   (boots currently unavailable)
Stlth   +.........              f - amulet of regeneration
HPRegen 1.04/turn               d - ring of positive energy
MPRegen 0.13/turn               (no ring)

@: short of breath, ice-form
A: freezing attack, amphibious, boosted hp, (breathe fire), AC +7, large,
unfitting armour, (fire resistance 1), (cold-blooded)
a: End Transformation, Renounce Religion


You were in a bailey.
You worshipped Ru.
Ru was noncommittal.
You were a creature of crystalline ice.
You visited 2 branches of the dungeon, and saw 8 of its levels.
You also visited: Bailey.

You collected 283 gold pieces.

Inventory:

Missiles
 a - 8 boomerangs
 c - 7 poisoned darts
Armour
 k - a +1 pair of boots (melded)
Jewellery
 d - a ring of positive energy (left front paw)
 f - an amulet of regeneration (around neck)
 i - a ring of fire
Wands
 j - a wand of acid (6)
Scrolls
 l - 2 scrolls of fear
 o - a scroll of enchant weapon
Potions
 b - a potion of brilliance {unknown}
 e - 3 potions of curing
 h - 2 potions of attraction
 m - a potion of heal wounds {unknown}
 n - 2 potions of ambrosia
 p - a potion of haste {unknown}
 q - a potion of magic {unknown}
 r - a potion of degeneration {unknown}
 s - a potion of flight


   Skills:
 + Level 4.0 Fighting
 + Level 6.0 Dodging
 + Level 6.0 Unarmed Combat
 - Level 3.0 Spellcasting
 - Level 8.0 Transmutations
 - Level 4.0 Ice Magic


You had 4 spell levels left.
You knew the following spells:

 Your Spells              Type           Power      Damage    Failure   Level
a - Beastly Appendage     Tmut           56%        N/A       1%          1
b - Wereblood             Tmut           28%        N/A       1%          2
c - Spider Form           Tmut/Pois      15%        N/A       11%         3
d - Ice Form              Ice/Tmut       21%        N/A       16%         4

Your spell library contained the following spells:

 Spells                   Type           Power      Damage    Failure   Level
 Ozocubu's Armour         Ice            15%        N/A       11%         3
 Tukima's Dance           Hex            2%         N/A       50%         3
 Anguish                  Hex/Necr       1%         N/A       88%         4
 Passage of Golubria      Tloc           2%         N/A       88%         4
 Yara's Violent Unravell  Hex/Tmut       7%         3d5       69%         5
 Metabolic Englaciation   Hex/Ice        4%         N/A       92%         5
 Fireball                 Conj/Fire      1%         3d3       99%         5
 Simulacrum               Ice/Necr       4%         N/A       100%        6
 Starburst                Conj/Fire      1%         6d3       100%        6
 Enfeeble                 Hex            1%         N/A       100%        7
 Ignition                 Fire           1%         3d3       100%        8


Dungeon Overview and Level Annotations

Branches:
Dungeon (7/15)             Temple (1/1) D:5          Bailey (1/1)

Altars:
Ashenzari
Cheibriados
Dithmenos
Elyvilon
Fedhas
Gozag
Hepliaklqana
Kikubaaqudgha
Makhleb
Nemelex Xobeh
Okawaru
Qazlal
Ru
Sif Muna
Trog
Uskayaw
Vehumet
Wu Jian
Xom
Yredelemnul
Zin
The Shining One

Shops:
D:2 =   D:6 (

Annotations:
D:6 1 runed translucent door, Faeu's ghost, novice MiFi


Innate Abilities, Weirdness & Mutations

You are a creature of crystalline ice.
You have a powerful freezing melee attack.
You are amphibious.
Your maximum health is increased.
Your armour is entirely melded.
You are incapable of wielding weapons or throwing items.
((You can breathe blasts of fire.))
((Your fiery red scales are hard. (AC +7)))
You cannot fit into any form of body armour.
((Your flesh is heat resistant. (rF+)))
((You are cold-blooded and may be slowed by cold attacks.))


Message History

Your +1 pair of boots melds into your body.
You punch the orc knight! You freeze the orc knight.
The orc knight is moderately wounded.
The orc knight hits you with a +0 war axe!
You closely miss the orc knight.
The orc knight is moderately wounded.
The orc knight misses you.
You punch the orc knight! You freeze the orc knight!
The orc knight is heavily wounded.
The orc knight hits you with a +0 war axe!
You hit the orc knight but do no damage.
The orc knight is heavily wounded.
The hobgoblin hits you with a +0 hand axe.
The orc knight hits you with a +0 war axe!
You punch the orc knight! You freeze the orc knight.
The orc knight is severely wounded.
The hobgoblin hits you with a +0 hand axe.
The orc knight hits you with a +0 war axe!!
You barely miss the orc knight.
The orc knight is severely wounded.
The hobgoblin splashes around in the water.
You punch the orc knight! You freeze the orc knight.
The orc knight is almost dead.
The orc knight hits you with a +0 war axe!!
* * * LOW HITPOINT WARNING * * *
The hobgoblin barely misses you.
You hit the orc knight. You freeze the orc knight.
The orc knight is almost dead.
The orc knight hits you with a +0 war axe.
* * * LOW HITPOINT WARNING * * *
The hobgoblin barely misses you.
You barely miss the orc knight.
The orc knight is almost dead.
The orc knight closely misses you.
You hit the orc knight but do no damage.
The orc knight is almost dead.
The hobgoblin hits you with a +0 hand axe.
* * * LOW HITPOINT WARNING * * *
The orc knight hits you with a +0 war axe!!
You die...

...≈≈≈≈≈.#..)..# ###.≈≈
...≈≈≈≈≈.#''##### .#.≈≈
##.≈≈≈≈≈.#.))...# #.≈≈
#≈≈≈≈≈≈.#....).# #.≈≈
#≈≈≈≈≈######...##############.#
#≈≈≈≈≈#.. #.8.8.8.))..))#..).#
#≈≈≈≈≈#... #....)..#.....')...#
#≈≈≈≈≈# #..###############..#+#
#≈≈≈≈≈# #..'..oY.........'..#
#≈≈≈≈≈# ####≈≈g≈≈≈≈≈≈≈≈≈≈####
≈≈≈≈≈≈≈≈≈≈≈≈≈≈≈≈≈≈≈≈≈
≈≈≈≈≈≈≈≈≈≈≈≈≈≈≈≈≈≈≈≈≈≈
≈≈≈≈≈≈≈≈≈≈≈≈≈≈≈≈≈≈≈≈≈≈≈≈≈
≈≈≈≈≈≈≈≈≈≈≈≈≈≈≈≈≈≈≈≈≈≈≈≈≈
≈≈≈≈≈≈≈≈≈≈≈≈≈≈≈≈≈≈≈≈≈≈≈≈≈
≈≈≈≈≈≈≈≈≈≈≈≈≈≈≈≈≈≈≈≈≈≈≈≈≈


You could see an orc knight and a hobgoblin.

Vanquished Creatures
  Prince Ribbit (D:6)
  A wyvern (D:6)
  A steam dragon (D:6)
  7 orc warriors (Bailey)
  A black bear (D:6)
  A sky beast (D:5)
  2 necrophages
  5 ogres
  A phantom (D:5)
  A bullfrog (D:6)
  A water moccasin skeleton (D:4)
  A howler monkey (D:5)
  An electric eel (Bailey)
  A centaur zombie (D:6)
  3 jellies
  2 hounds
  An orc priest (D:6)
  2 bullfrog skeletons (D:6)
  A centaur skeleton (D:5)
  2 iguanas
  2 orc wizards (D:5)
  Terence (D:3)
  8 gnolls
  A howler monkey skeleton (D:6)
  3 adders
  2 white imps (D:5)
  An ufetubus (D:5)
  5 dart slugs
  21 orcs
  6 ball pythons
  5 endoplasms
  2 giant cockroaches
  12 goblins
  9 hobgoblins
  7 jackals
  3 quokkas
  7 bats
  6 frilled lizards (D:1)
  9 kobolds
  A quokka skeleton (D:4)
  3 rats
150 creatures vanquished.

Notes
Turn   | Place    | Note
-------+----------+-------------------------------------------
     0 | D:1      | MisterFreud the Draconian Transmuter began the quest for
                  | the Orb.
     0 | D:1      | Reached XP level 1. HP: 16/16 MP: 3/3
   297 | D:1      | Reached XP level 2. HP: 19/23 MP: 5/5
   835 | D:1      | Reached XP level 3. HP: 29/29 MP: 4/6
   908 | D:1      | Found a faded altar of an unknown god.
  1233 | D:2      | Learned a level 2 spell: Wereblood
  1240 | D:2      | Learned a level 3 spell: Spider Form
  1244 | D:2      | Found Hijaades's One-of-a-Kind Rings.
  2109 | D:3      | Reached XP level 4. HP: 36/36 MP: 5/7
  2566 | D:3      | Noticed Terence
  2580 | D:3      | Killed Terence
  2969 | D:4      | Reached XP level 5. HP: 30/42 MP: 2/9
  3101 | D:4      | Reached skill level 3 in Transmutations
  3502 | D:4      | Noticed an ogre
  3514 | D:4      | Killed an ogre
  3515 | D:4      | Reached skill level 4 in Transmutations
  3515 | D:4      | Reached XP level 6. HP: 23/50 MP: 4/10
  4027 | D:5      | Entered Level 5 of the Dungeon
  4410 | D:5      | Reached skill level 5 in Transmutations
  4741 | D:5      | Noticed a sky beast
  4752 | D:5      | Killed a sky beast
  4753 | D:5      | Your scales start taking on a fiery red colour.
  4753 | D:5      | Reached XP level 7. HP: 19/58 MP: 2/11
  4753 | D:5      | Gained mutation: Your flesh is heat resistant. (rF+) [Red
                  | Draconian growth]
  4903 | D:5      | Reached skill level 5 in Unarmed Combat
  4984 | D:5      | Learned a level 4 spell: Ice Form
  5353 | D:5      | Found a staircase to the Ecumenical Temple.
  5496 | Temple   | Entered the Ecumenical Temple
  5674 | Temple   | Became a worshipper of Ru the Awakened
  5808 | D:6      | Reached XP level 8. HP: 66/66 MP: 8/12
  5925 | D:6      | Reached skill level 1 in Ice Magic
  6189 | D:6      | Reached skill level 5 in Dodging
  6189 | D:6      | Reached skill level 6 in Transmutations
  6252 | D:6      | Found Vel Hyn's Antique Weapon Emporium.
  6277 | D:6      | Found a hazy altar of Hepliaklqana.
  6293 | D:6      | Identified the +7 plate armour of the Maze {rPois Str+4}
  6480 | D:6      | Found a runed translucent door.
  6480 | D:6      | Noticed Faeu's ghost (novice MiFi)
  6645 | D:6      | Noticed Prince Ribbit
  6669 | D:6      | Killed Prince Ribbit
  6670 | D:6      | Reached XP level 9. HP: 54/71 MP: 11/13
  6821 | D:7      | Found a flagged portal.
  6851 | Bailey   | Entered a bailey
  6966 | Bailey   | Reached skill level 7 in Transmutations
  7111 | Bailey   | Reached skill level 8 in Transmutations
  7123 | Bailey   | Noticed an orc knight
  7138 | Bailey   | Demolished by an orc knight

Illustrated notes

Levels and vault maps discovered:
D:1:      minmay_arrival_glassed_features, layout_basic,
          chequers_ecumenical_altar_simple_redux, minmay_cupped
D:2:      layout_loops_ring, kennysheep_nub, grunt_decor_arrowhead,
          nicolae_shop_unique_rings
D:3:      layout_loops_cross, uniq_terence
D:4:      layout_basic
D:5:      layout_cave_pools, minmay_temple_entry_antechambers
D:6:      layout_loops_ring, mainiacjoe_overflow_alcove_1,
          hellmonk_ghost_happy_afterlife, serial_shops, kennysheep_mini,
          uniq_prince_ribbit1
D:7:      layout_loops_cross, enter_bailey_5, amcnicky_mini_corridor_feature,
          minmay_misc_feat_x, uniq_crazy_yiuf_cottage
Temple:   mainiacjoe_temple_starburst
Bailey:   bailey_axe_of_yendor_kennysheep, bailey

Skill      XL: |  1  2  3  4  5  6  7  8  9 |
---------------+----------------------------+-----
Dodging        | 2 4 5 6 |  6.0
Fighting       | 2 3 4 |  4.0
Transmutations | 4 5 6 8 |  8.0
Spellcasting   | 3 |  3.0
Unarmed Combat | 4 6 |  6.0
Ice Magic      | 3 4 |  4.0

Action                   |  1- 3 |  4- 6 |  7- 9 || total
-------------------------+-------+-------+-------++-------
Melee: Unarmed           |   129 |   135 |   251 ||   515
       Kick              |    25 |    16 |     1 ||    42
       Tailslap          |    11 |     4 |     4 ||    19
       Headbutt          |     8 |     6 |     3 ||    17
       Punch             |     2 |     2 |       ||     4
 Cast: Beastly Appendage |    33 |    12 |     1 ||    46
       Spider Form       |       |    12 |    24 ||    36
       Ice Form          |       |       |     2 ||     2
 Abil: Breathe Fire      |       |       |     8 ||     8
  Use: Scroll            |     4 |     5 |     3 ||    12
 Stab: Sleeping          |       |       |     2 ||     2
Armor: Skin              |    43 |    24 |    27 ||    94
Dodge: Dodged            |    76 |   124 |   226 ||   426
